 Dungeon Crawl Stone Soup version 0.29.1-15-g9cfb28693d (webtiles) character file.

Game seed: 9361537602013364792

89 leafyfresh the Covert (level 4, 0/31 HPs)
             Began as an Octopode Delver on Feb 24, 2023.
             Slain by a black bear (6 damage)
             ... on level 5 of the Dungeon.
             The game lasted 00:00:37 (248 turns).

leafyfresh the Covert (Octopode Delver)              Turns: 248, Time: 00:00:38

Health: 0/31       AC:  1    Str: 11    XL:     4   Next: 55%
Magic:  4/4        EV: 13    Int: 14    God:
Gold:   0          SH:  0    Dex: 13    Spells: 3/3 levels left

rFire   . . .      SeeInvis .   a - +0 short sword
rCold   . . .      Faith    .   (no shield)
rNeg    . . .      Spirit   .   (helmet restricted)
rPois   .          Reflect  .   (no amulet)
rElec   .          Harm     .   (no ring)
rCorr   .          Rampage  .   (no ring)
Will    .....                   (no ring)
Stlth   +++++.....              (no ring)
HPRegen 0.10/turn               (no ring)
MPRegen 0.09/turn               (no ring)
                                (no ring)
                                (no ring)

@: no status effects
A: almost no armour, amphibious, 8 rings, camouflage 1, gelatinous body 1,
(nimble swimmer 1), tentacles
a: no special abilities


You were on level 5 of the Dungeon.
You visited 1 branch of the dungeon, and saw 1 of its levels.

Inventory:

Hand Weapons
 a - a +0 short sword (weapon)
Wands
 f - a wand of digging (3)
Scrolls
 b - a scroll of fog
 c - a scroll of magic mapping
 g - a scroll of identify {unknown}
 h - a scroll of teleportation {unknown}
Potions
 e - a potion of haste
 i - a potion of heal wounds {unknown}


   Skills:
 - Level 3.0 Fighting
 - Level 2.0 Short Blades
 - Level 2.0 Dodging
 + Level 9.0 Stealth


You had 3 spell levels left.
You didn't know any spells.
Your spell library contained the following spells:

 Spells                   Type           Power      Damage    Failure   Level
 Portal Projectile        Hex/Tloc       0%         N/A       65%         3
 Tukima's Dance           Hex            0%         N/A       65%         3
 Blade Hands              Tmut           0%         N/A       100%        5


Dungeon Overview and Level Annotations

Branches:
Dungeon (5/15)
 Temple: D:4-7

Altars:
Nemelex Xobeh


Innate Abilities, Weirdness & Mutations

You cannot wear most types of armour.
You are amphibious.
You can wear up to eight rings at the same time.
Your skin changes colour to match your surroundings (Stealth+).
Your rubbery body absorbs attacks. (AC +1, EV +1)
((You are camouflaged when in or above water. (Stealth+)))
You have tentacles for arms and can constrict up to eight enemies at once.


Message History

The helpless hound fails to defend itself.
You impale the hound!!
You kill the hound!
Your Stealth skill increases to level 9!
No target in view!
No target in view!
A black bear comes into view.
The black bear growls angrily.
A black bear is nearby!
A black bear is nearby!
The black bear attacks as you move away!
The black bear bites you but does no damage.
The black bear claws you. x2
The black bear attacks as you move away!
The black bear bites you but does no damage.
The black bear claws you but does no damage.
The black bear closely misses you.
The black bear attacks as you move away!
The black bear bites you. The black bear claws you. x2
The black bear attacks as you move away!
The black bear misses you. The black bear claws you. x2
Found a stone staircase leading up.
The black bear bites you.
* * * LOW HITPOINT WARNING * * *
The black bear claws you.
* * * LOW HITPOINT WARNING * * *
The black bear barely misses you.
The black bear attacks as you move away!
The black bear misses you. x2
The black bear claws you but does no damage.
The black bear attacks as you move away!
The black bear bites you but does no damage.
The black bear claws you but does no damage.
The black bear closely misses you.
There is a stone staircase leading up here.
As you read the scroll of fear, it crumbles to dust.
You assume a fearsome visage.
The black bear resists with some effort.
The black bear bites you.
You die...

.#### ##(.....#
.# ... #.###.##
.# ... #. #># .#
#.# # #.# .# #.#
# #.# .# #.# .#
#.# .# ##.###.#
#.# .#
#.########.....#
..# .##
#.....@h.....##.
### ..#
#.##########.#..
..# #.#.. ..#
#.#.# ..# #.#.#
..# #.# #.#.#
..# #.# #.#.##
..# #.#
######....# ####
#.# #.........#


You could see a black bear.

Vanquished Creatures
  A howler monkey (D:5)
  A hound (D:5)
  An adder (D:5)
  An ufetubus (D:5)
  A dart slug (D:5)
5 creatures vanquished.

Notes
Turn   | Place    | Note
-------+----------+-------------------------------------------
     0 | D:5      | leafyfresh the Octopode Delver began the quest for the Orb.
     0 | D:5      | Reached XP level 1. HP: 16/16 MP: 1/1
    10 | D:5      | Reached skill level 7 in Stealth
    10 | D:5      | Reached XP level 2. HP: 21/21 MP: 2/2
    67 | D:5      | Found a sparkling altar of Nemelex Xobeh.
   154 | D:5      | Noticed a howler monkey
   157 | D:5      | Killed a howler monkey
   158 | D:5      | Reached skill level 8 in Stealth
   158 | D:5      | Reached XP level 3. HP: 26/26 MP: 3/3
   158 | D:5      | Reached XP level 4. HP: 31/31 MP: 4/4
   183 | D:5      | Reached skill level 9 in Stealth
   222 | D:5      | Noticed a black bear
   248 | D:5      | Slain by a black bear

Illustrated notes

Levels and vault maps discovered:
D:5:      layout_loops_ring, nemelex_diamond_rough_becter, serial_shops, shop,
          shop, minmay_circle_x

Skill      XL: |  1  2  3  4 |
---------------+-------------+-----
Stealth        | 7 8 9 |  9.0
Fighting       | |  3.0
Short Blades   | |  2.0
Dodging        | |  2.0

Action                   |  1- 3 |  4- 6 || total
-------------------------+-------+-------++-------
Melee: Short sword       |     7 |     1 ||     8
       Constrict         |     1 |       ||     1
  Use: Scroll            |       |     1 ||     1
 Stab: Sleeping          |     3 |     1 ||     4
Armor: Skin              |       |     6 ||     6
Dodge: Dodged            |     8 |     6 ||    14
